 Dungeon Crawl Stone Soup version 0.19.5 (webtiles) character file.

442 Kosschaser the Sneak (level 7, -4/35 HPs)
             Began as a Vine Stalker Assassin on Mar 2, 2017.
             Slain by a hippogriff (5 damage)
             ... on level 4 of the Dungeon.
             The game lasted 00:11:45 (3109 turns).

Kosschaser the Sneak (Vine Stalker Assassin)        Turns: 3109, Time: 00:11:46

Health: -4/35      AC:  4    Str: 13    XL:     7   Next: 2%
Magic:  0/8        EV: 13    Int: 11    God:
Gold:   194        SH:  0    Dex: 18    Spells: 0 memorised, 6 levels left

rFire  . . .     SeeInvis .     a - +2 dagger
rCold  . . .     Gourm    .     c - +0 robe
rNeg   . . .     Faith    .     (no shield)
rPois  .         Spirit   +     (no helmet)
rElec  .         Reflect  .     d - +1 cloak
rCorr  .         Harm     .     (no gloves)
MR     .....                    (no boots)
Stlth  ++++......               (no amulet)
                                (no ring)
                                (no ring)

@: no status effects
A: fangs 2, regeneration 1, magic shield, antimagic bite, no device heal 3, rot
immunity
a: no special abilities


You were on level 4 of the Dungeon.
You were very hungry.

You visited 1 branch of the dungeon, and saw 4 of its levels.

You collected 194 gold pieces.

Inventory:

Hand Weapons
 a - a +2 dagger (weapon)
 b - a +0 blowgun
Missiles
 e - 6 poisoned needles
 f - 2 curare-tipped needles
 w - 2 tomahawks (quivered)
Armour
 c - a +0 robe (worn)
 d - a +1 cloak (worn)
Scrolls
 h - 5 scrolls of teleportation
 l - 2 scrolls of identify {unknown}
 t - a scroll of immolation
 u - a scroll of amnesia {unknown}
 v - a scroll of blinking {unknown}
 y - 2 scrolls of remove curse
Potions
 j - a potion of berserk rage
 m - a potion of lignification {unknown}
 n - 2 potions of heal wounds
 o - 2 potions of curing
 s - a potion of degeneration {unknown}
Comestibles
 g - 2 bread rations
 k - 5 beef jerkies
 p - 2 meat rations
 x - 2 slices of pizza


   Skills:
 + Level 2.6 Fighting
 + Level 3.2 Short Blades
 + Level 2.1 Throwing
 + Level 1.7 Armour
 + Level 2.2 Dodging
 * Level 7.4 Stealth


You had 6 spell levels left.
You didn't know any spells.

Dungeon Overview and Level Annotations

Branches:
Dungeon (4/15)
 Temple: D:4-7

Altars:
Sif Muna


Innate Abilities, Weirdness & Mutations

You have extremely sharp teeth.
Your natural rate of healing is unusually fast.
When hurt, damage is shared between your health and your magic reserves.
Your bite disrupts and absorbs the magic of your enemies.
Potions and wands cannot restore your health.
You are immune to rotting.


Message History

The hippogriff is heavily wounded.
The hippogriff barely misses you. The hippogriff pecks you.
The hippogriff claws you.
You hit the hippogriff but do no damage.
Your bite misses the hippogriff.
The hippogriff is heavily wounded.
The hippogriff barely misses you. The hippogriff misses you.
The hippogriff barely misses you.
You barely miss the hippogriff.
You bite the hippogriff, but do no damage.
The hippogriff is heavily wounded.
The hippogriff bites you!
* * * LOW HITPOINT WARNING * * *
The hippogriff pecks you.
* * * LOW HITPOINT WARNING * * *
The hippogriff claws you but does no damage.
The hippogriff bites you!
* * * LOW HITPOINT WARNING * * *
The hippogriff pecks you.
You die...

#.# #...# #..###.# # ).#
###...### #..# #.# #
#######รท......#
##.###.# # #
##).)..#.##.# #####
#.....# #
###......#.##.####...#
###.#####
##.###...............###
#...... #.##
##..###..[#.......#
####### #.#
#..###.....).....# #
#.## ##.......##@......#
#
##.###..####..lH.....###
#....#.##....####...#
##...##.##.#### #...[#
.............# .)....#
.#..#........# ##....##
.#........H.># ##.#.#
#..#..#...<.# ##.#
#.##.<#.....# #


You could see a hippogriff and a leopard gecko.

Vanquished Creatures
  Sigmund (D:3)
  A phantom (D:4)
  A howler monkey (D:4)
  An orc priest (D:4)
  A hound zombie (D:2)
  A howler monkey skeleton (D:2)
  3 adders
  An ooze (D:2)
  2 adder zombies (D:2)
  2 worms
  6 orcs
  4 bats
  2 bat skeletons (D:2)
  3 bat zombies (D:2)
  4 giant cockroaches
  6 goblins
  3 hobgoblins
  2 jackals (D:1)
  8 kobolds
  5 frilled lizards
  A jackal skeleton (D:2)
  A jackal zombie (D:2)
  A quokka zombie (D:2)
  6 rats
66 creatures vanquished.

Notes
Turn   | Place    | Note
-------+----------+-------------------------------------------
     0 | D:1      | Kosschaser the Vine Stalker Assassin began the quest for the Orb.
     0 | D:1      | Reached XP level 1. HP: 11/11 MP: 2/2
    63 | D:1      | Reached skill level 5 in Stealth
   197 | D:1      | Reached XP level 2. HP: 15/15 MP: 3/3
   847 | D:2      | Reached skill level 1 in Dodging
   847 | D:2      | Reached XP level 3. HP: 7/18 MP: 4/4
   964 | D:2      | Reached skill level 6 in Stealth
  1375 | D:2      | Found a faded altar of an unknown god.
  1406 | D:2      | Gained mutation: Your natural rate of healing is unusually fast. [Vine Stalker growth]
  1406 | D:2      | Reached XP level 4. HP: 23/23 MP: 5/5
  2120 | D:3      | Noticed Sigmund
  2219 | D:3      | Reached XP level 5. HP: 26/26 MP: 6/6
  2248 | D:3      | Found a faded altar of an unknown god.
  2248 | D:3      | Found a faded altar of an unknown god.
  2266 | D:3      | Found a faded altar of an unknown god.
  2268 | D:3      | Found a deep blue altar of Sif Muna.
  2269 | D:3      | Found a faded altar of an unknown god.
  2332 | D:3      | Killed Sigmund
  2332 | D:3      | Reached skill level 1 in Armour
  2332 | D:3      | Reached skill level 7 in Stealth
  2332 | D:3      | Reached XP level 6. HP: 20/31 MP: 7/7
  2727 | D:4      | Noticed a hippogriff
  2853 | D:4      | Noticed a phantom
  2918 | D:4      | Killed a phantom
  2918 | D:4      | Reached XP level 7. HP: 22/35 MP: 8/8
  3109 | D:4      | HP: 1/35 [hippogriff (6)]
  3109 | D:4      | Slain by a hippogriff

Skill      XL: |  1  2  3  4  5  6 |
---------------+-------------------+-----
Stealth        | 5 6 7 |  7.4
Dodging        | 1 2 |  2.2
Fighting       | 2 |  2.6
Short Blades   | 2 3 |  3.2
Throwing       | 2 |  2.1
Armour         | 1 |  1.7

Action                   |  1- 3 |  4- 6 |  7- 9 || total
-------------------------+-------+-------+-------++-------
Melee: Dagger            |    82 |   192 |    11 ||   285
       Bite              |    15 |    74 |     5 ||    94
 Fire: Blowgun           |       |    10 |       ||    10
  Use: Potion            |       |     5 |       ||     5
       Scroll            |       |     7 |       ||     7
 Stab: Sleeping          |     7 |     5 |       ||    12
  Eat: Chunk             |     1 |     5 |       ||     6
Armor: Robe              |    25 |     1 |     4 ||    30
       Leather armour    |     7 |    38 |       ||    45
Dodge: Dodged            |    61 |    95 |    15 ||   171
